 Dungeon Crawl Stone Soup version 0.26.1-11-gd32895ea62 (webtiles) character file.

Game seed: 6580285167806362425

7 Descartes the Ducker (level 1, 0/9 HPs)
             Began as a Felid Wanderer on May 1, 2021.
             Slain by a leopard gecko (4 damage)
             ... on level 1 of the Dungeon.
             The game lasted 00:00:40 (307 turns).

Descartes the Ducker (Felid Wanderer)                Turns: 307, Time: 00:00:40

Health: 0/9        AC:  1    Str:  5    XL:     1   Next: 91%
Magic:  3/3        EV: 19    Int: 14    God:
Gold:   27         SH:  0    Dex: 17    Spells: 2/2 levels left
                                        Lives:  0   Deaths: 0

rFire    . . .     SeeInvis +     - Unarmed
rCold    . . .     Faith    .   (shield unavailable)
rNeg     . . .     Spirit   .   (armour unavailable)
rPois    .         Reflect  .   (helmet unavailable)
rElec    .         Harm     .   (cloak unavailable)
rCorr    .         Rampage  .   (gloves unavailable)
Will     .....                  (boots unavailable)
Stlth    +++.......             (no amulet)
HPRegen  0.03/turn              (no ring)
MPRegen  0.08/turn              (no ring)

@: quick
A: very small, no armour, no weapons or thrown items, stealth, claws 1, fangs 3,
see invisible, speed 1, shaggy fur 1, sharp paws
a: no special abilities


You were on level 1 of the Dungeon.
You visited 1 branch of the dungeon, and saw 1 of its levels.

You collected 27 gold pieces.

Inventory:

Missiles
 e - 2 stones
Wands
 b - a wand of random effects (15) (quivered)
Scrolls
 a - a scroll of teleportation
Potions
 c - a potion of lignification {unknown}
 d - a potion of heal wounds {unknown}


   Skills:
 - Level 1.0 Fighting
 + Level 4.2 Dodging
 + Level 2.1 Stealth
 + Level 1.3 Unarmed Combat
 - Level 1.0 Spellcasting
 - Level 3.0 Hexes
 - Level 1.1 Evocations


You had 2 spell levels left.
You didn't know any spells.
Your spell library was empty.

Dungeon Overview and Level Annotations

Branches:
Dungeon (1/15)

Altars:


Innate Abilities, Weirdness & Mutations

You cannot wear armour.
You are incapable of wielding weapons or throwing items.
Your paws allow you to move quietly. (Stealth)
You have sharp claws.
You have razor-sharp teeth.
You have supernaturally acute eyesight. (SInv)
You cover ground quickly.
You are covered in fur. (AC +1)
Your sharp claws are effective at attacking unaware monsters.


Message History

You are too injured to fight recklessly!
You are too injured to fight recklessly!
You are too injured to fight recklessly!
You are too injured to fight recklessly!
You are too injured to fight recklessly!
You are too injured to fight recklessly!
You are too injured to fight recklessly!
You are too injured to fight recklessly!
You are too injured to fight recklessly!
You are too injured to fight recklessly!
You are too injured to fight recklessly!
You are too injured to fight recklessly!
You are too injured to fight recklessly!
You are too injured to fight recklessly!
You closely miss the leopard gecko.
The leopard gecko completely misses you.
You scratch the leopard gecko.
The leopard gecko is moderately wounded.
The leopard gecko bites you.
You die...

#.#.#.#..........
#.#)..>.#########
#.###.### #.# #.#
##.###.# ########
#..)...# #.......
#.....## #.######
#.###.# #.# #@#
#.# #.# #l# #.#
###.###### #.# #.#
#.........
#.###.###.#.######
#.##.......#.### #
#.##......###..# #
#.##.##.>..#.#.# #
#...#.....#.##.###
####.##...#.##....


You could see a leopard gecko.

Vanquished Creatures
  A goblin (D:1)
  2 kobolds (D:1)
  3 bats (D:1)
  A rat (D:1)
7 creatures vanquished.

Notes
Turn   | Place    | Note
-------+----------+-------------------------------------------
     0 | D:1      | Descartes the Felid Wanderer began the quest for the Orb.
     0 | D:1      | Descartes set off with the following items: a scroll of
                  | teleportation, a wand of random effects (15)
     0 | D:1      | Reached XP level 1. HP: 9/9 MP: 3/3
   307 | D:1      | Slain by a leopard gecko

Illustrated notes

Levels and vault maps discovered:
D:1:      nzn_arrival_settlement, layout_loops_ring, grunt_decor_junction,
          chequers_jeans, roderic_malta_cross, minmay_pentomino_q4

Skill      XL: |  1 |
---------------+----+-----
Stealth        | 2 |  2.1
Fighting       | |  1.0
Dodging        | |  4.2
Unarmed Combat | |  1.3
Spellcasting   | |  1.0
Hexes          | |  3.0
Evocations     | |  1.1

Action                   || total
-------------------------++-------
Melee: Unarmed           ||    18
       Bite              ||     1
 Stab: Sleeping          ||     2
Armor: Skin              ||     1
Dodge: Dodged            ||    15
